 Dungeon Crawl Stone Soup version 0.31.0-32-g396128a36d (webtiles) character file.

Game seed: 1036530548231238357

865 TacoSundae the Mimic (level 8, 0/57 HPs)
             Began as a Merfolk Shapeshifter on Apr 5, 2024.
             Was an Initiate of Makhleb.
             Killed from afar by a steam dragon (17 damage)
             ... with a ball of steam
             ... on level 6 of the Dungeon.
             The game lasted 00:13:19 (4750 turns).

TacoSundae the Mimic (Merfolk Shapeshifter)         Turns: 4750, Time: 00:13:20

Health: 0/57       AC:  2    Str: 16    XL:     8   Next: 3%
Magic:  8/8        EV: 18    Int: 10    God:    Makhleb [......]
Gold:   231        SH:  0    Dex: 19    Spells: 7/7 levels left

rFire   . .          .
                       - Unarmed
rCold   . . .        (shield currently unavailable)
rNeg    . . .        j - melded +1 leather armour
rPois   .            n - +2 hat
rElec   .            (no cloak)
rCorr   +            (no gloves)
SInv    .            (no boots)
Will    .....        (no amulet)
Stlth   +            i - +6 ring of dexterity
HPRegen 0.29/turn    s - ring of resist corrosion
MPRegen 0.11/turn

%: no passive effects
@: flux-form, glowing
A: glow, contaminating, (nimble swimmer 2), mertail
a: Begin Untransformation, Renounce Religion


You were on level 6 of the Dungeon.
You worshipped Makhleb.
Makhleb was noncommittal.
You were something dangerously unstable.
You visited 2 branches of the dungeon, and saw 7 of its levels.

You collected 231 gold pieces.

Inventory:

Hand Weapons
 h - a +3 dagger of venom
Missiles
 l - 7 curare-tipped darts (quivered)
Armour
 j - a +1 leather armour (melded)
 n - a +2 hat (worn)
Jewellery
 i - a +6 ring of dexterity (left hand)
 s - a ring of resist corrosion (right hand)
Talismans
 b - a blade talisman
 c - a beast talisman
 d - a flux talisman (active)
Wands
 e - a wand of mindburst (11)
 r - a wand of charming (8)
Scrolls
 g - 4 scrolls of amnesia
 p - 2 scrolls of blinking
 q - 2 scrolls of identify
 u - a scroll of teleportation
Potions
 a - 2 potions of attraction
 f - 2 potions of curing
 k - a potion of haste
 m - 2 potions of berserk rage
 o - a potion of mutation


   Skills:
 + Level 2.3 Fighting
 + Level 3.7 Dodging
 * Level 7.2 Unarmed Combat
 * Level 8.1 Shapeshifting


You had 7 spell levels left.
You didn't know any spells.
Your spell library contained the following spells:

 Spells                   Type           Power      Damage    Failure   Level
 Magic Dart               Conj           0%         1d3       36%         1
 Summon Small Mammal      Summ           0%         N/A       36%         1
 Blink                    Tloc           0%         N/A       50%         2
 Call Imp                 Summ           0%         N/A       50%         2
 Mercury Vapours          Alch/Air       0%         N/A       50%         2
 Call Canine Familiar     Summ           0%         N/A       75%         3
 Mephitic Cloud           Conj/Alch/Air  0%         N/A       75%         3
 Summon Blazeheart Golem  Fire/Summ      0%         N/A       98%         4
 Freezing Cloud           Conj/Ice/Air   0%         6-21      100%        5


Dungeon Overview and Level Annotations

Branches:
Dungeon (6/15)             Temple (1/1) D:4

Altars:
Ashenzari
Cheibriados
Dithmenos
Fedhas
Gozag
Kikubaaqudgha
Makhleb
Nemelex Xobeh
Okawaru
Sif Muna
Trog
Uskayaw
Vehumet
Xom
Yredelemnul
Zin
The Shining One

Annotations:
D:6 1 runed translucent door


Innate Abilities, Weirdness & Mutations

You are something dangerously unstable.
You glow with magical radiation, making you easy to see and hit.
Foes you strike become dangerously contaminated with magical radiation.
You are incapable of wielding weapons or throwing items.
((You are very nimble when in or above water. (Stealth+, EV+, Speed+++)))
Your lower body shifts to a powerful aquatic tail in water.


Message History

The steam dragon hisses angrily.
You hit the jelly.
The jelly begins to glow.
Your hands burn!
The jelly is lightly wounded.
You hear a shout!
The jelly hits you.
You are splashed with acid.
You resist.
A jelly comes into view.
The jelly quivers.
You hit the jelly.
The jelly glows dangerously bright.
Your hands burn!
The jelly is moderately wounded.
The jelly hits you.
You are splashed with acid.
You resist.
You hit the jelly.
The jelly shudders as magic cascades through it.
The jelly twists and deforms.
Your hands burn!
The jelly is severely wounded.
The jelly hits you.
You are splashed with acid.
You resist.
You hit the jelly.
The jelly begins to glow.
Your hands burn!
The jelly is severely wounded.
The jelly hits you but does no damage.
You hit the jelly.
The jelly glows dangerously bright.
Your hands burn!
The jelly is almost dead.
The jelly hits you.
You are splashed with acid.
You resist.
You are too injured to fight recklessly!
You are too injured to fight recklessly!
You hit the jelly.
You kill the jelly!
Makhleb accepts your kill.
You have reached level 8!
You closely miss the steam dragon. You hit the steam dragon.
The steam dragon begins to glow.
The steam dragon is lightly wounded.
The steam dragon bites you! The steam dragon claws you.
* * * LOW HITPOINT WARNING * * *
You hit the steam dragon.
The steam dragon glows dangerously bright.
The steam dragon is moderately wounded.
The steam dragon misses you.
The steam dragon claws you but does no damage.
The steam dragon breathes steam at you. The ball of steam hits you!
You die...

.............##.^.##....#####
.............##._.##..#.#
.....[.....)###...###.#.#
...........)..#####...#.#
...........)....).....#.#
...........#...#+#...##.#
#...##.........#p#...##.#
..#..#.#......D###...##.# #
##.#........J§p.......#
#....#.....#..###..###
##................##
####.....#...#####
#.....#..## #.........#
#...##.#..... ...........##..
. ................


You could see a steam dragon (heavy contam, catching breath), a jelly and a
neutral human (wandering).

Vanquished Creatures
  2 black bears
  A kobold brigand (D:6)
  A bullfrog (D:6)
  2 scorpions
  A hound (D:5)
  3 jellies
  An orc priest (D:4)
  A sleepcap (D:5)
  Terence (D:3)
  2 orc wizards (D:4)
  Robin (D:3)
  3 gnolls (D:3)
  3 adders
  2 ufetubi (D:6)
  3 dart slugs
  A ribbon worm (D:5)
  10 orcs
  6 ball pythons
  7 endoplasms
  4 giant cockroaches
  8 hobgoblins
  8 kobolds
  3 quokkas
  4 bats
  4 frilled lizards
  13 goblins
  2 goblin skeletons (D:6)
  A jackal zombie (D:6)
  5 rats
103 creatures vanquished.

Notes
Turn   | Place    | Note
-------+----------+-------------------------------------------
     0 | D:1      | TacoSundae the Merfolk Shapeshifter began the quest for the
                  | Orb.
     0 | D:1      | Reached XP level 1. HP: 15/15 MP: 1/1
   163 | D:1      | Reached XP level 2. HP: 20/21 MP: 2/2
   810 | D:2      | Found a blossoming altar of Fedhas.
   994 | D:2      | Noticed a black bear
  1014 | D:2      | Killed a black bear
  1015 | D:2      | Reached skill level 5 in Shapeshifting
  1015 | D:2      | Reached XP level 3. HP: 18/26 MP: 3/3
  1015 | D:2      | Reached XP level 4. HP: 23/32 MP: 4/4
  1102 | D:2      | Reached XP level 5. HP: 37/37 MP: 5/5
  1630 | D:3      | Found a glowing silver altar of Zin.
  1630 | D:3      | Noticed Terence
  1662 | D:3      | Reached skill level 5 in Unarmed Combat
  1964 | D:3      | Killed Terence
  1965 | D:3      | Reached skill level 6 in Shapeshifting
  2181 | D:3      | Noticed Robin
  2223 | D:3      | Killed Robin
  2393 | D:3      | Reached XP level 6. HP: 43/43 MP: 6/6
  2596 | D:3      | You fall into a shaft and drop 3 floors!
  2699 | D:5      | Entered Level 5 of the Dungeon
  2890 | D:4      | Found a staircase to the Ecumenical Temple.
  2899 | Temple   | Entered the Ecumenical Temple
  2928 | Temple   | Became a worshipper of Makhleb the Destroyer
  3511 | D:4      | Reached skill level 7 in Shapeshifting
  3665 | D:5      | Reached XP level 7. HP: 48/48 MP: 7/7
  3671 | D:5      | Identified the +1 spear of Xuoshre {heavy, rF+}
  4320 | D:5      | Found a bloodstained altar of Trog.
  4520 | D:6      | Found an iron altar of Okawaru.
  4553 | D:6      | Found a runed translucent door.
  4553 | D:6      | Noticed a human
  4572 | D:6      | Found a basalt altar of Yredelemnul.
  4592 | D:6      | Reached skill level 8 in Shapeshifting
  4740 | D:6      | Noticed a steam dragon
  4747 | D:6      | Reached XP level 8. HP: 27/57 MP: 8/8
  4750 | D:6      | Killed from afar by a steam dragon

Illustrated notes

Levels and vault maps discovered:
D:1:      sevenhm_arrival_forest_fort_small_5, layout_basic, dk_noncrumbling_2,
          kennysheep_flooded_box
D:2:      layout_loops_cross, basic_altar
D:3:      layout_rooms, lemuel_tele_altar, uniq_robin, uniq_terence
D:4:      layout_cave_pools, minmay_temple_entry_waves, serial_park,
          serial_park_tiny_1, serial_park_tiny_2, serial_park_tiny_1,
          serial_park_avenue1
D:5:      layout_gridville, lightli_temple_of_fire
D:6:      layout_rooms, dk_yredelemnul_ordeal, mainiacjoe_overflow_tiny_flanked,
          mainiacjoe_overflow_alcove_1, mainiacjoe_overflow_two_lobes,
          uniq_edmund
Temple:   nicolae_temple_godzebo

Skill      XL: |  1  2  3  4  5  6  7 |
---------------+----------------------+-----
Unarmed Combat | 4 5 6 7 |  7.2
Shapeshifting  | 5 6 7 8 |  8.1
Dodging        | 3 |  3.7
Fighting       | 2 |  2.3

Action                     |  1- 3 |  4- 6 |  7- 9 || total
---------------------------+-------+-------+-------++-------
  Melee: Unarmed           |    72 |   160 |    69 ||   301
         Punch             |       |     4 |       ||     4
  Evoke: Wand              |       |     2 |       ||     2
    Use: Potion            |     1 |     3 |       ||     4
         Scroll            |       |     8 |     4 ||    12
   Stab: Sleeping          |       |     1 |       ||     1
 Armour: Animal skin       |    27 |    76 |       ||   103
         Skin              |    26 |     3 |    37 ||    66
         Leather armour    |       |    13 |       ||    13
  Dodge: Dodged            |    39 |    99 |    37 ||   175
   Form: Flux              |       |       |     1 ||     1
